Map: White Rabbit LE

Players

lIlIllIIlIlI

  • Race: Terran Terran
  • League: Master
  • Spawn Location: 7:00

Lambo - Winner!

  • Race: Zerg Zerg
  • Spawn Location: 1:00

VOD

Have the link to the VOD?

Description

Time

  • Played on: Jan. 6, 2026, 9:01 a.m.
  • Length: 11:28
Show
View Real Time Build Order
Export as new Build Order

lIlIllIIlIlI Terran 

Build Orders: Hellion Opening, Reaper Expand 

Get SALT Encoding   

  12  0:00  SCV  
  13  0:12  SCV  
  14  0:16  Supply Depot  
  14  0:24  SCV  
  15  0:38  SCV  
  15  0:39  Barracks  
  15  0:42  Refinery  
  16  0:50  SCV  
  17  1:02  SCV  
  18  1:14  SCV  
  19  1:26  Reaper  
  19  1:27  Orbital Command  
  20  1:37  Command Center  
  20  1:44  Supply Depot  
  20  1:52  SCV  
  21  1:58  Marine  
  22  2:04  SCV  
  22  2:08  Factory  
  23  2:16  SCV  
  25  2:28  Barracks Reactor  
  25  2:29  SCV  
  25  2:36  Command Center  
  25  2:41  SCV  
  26  2:49  Orbital Command  
  26  2:53  SCV  
  26  2:57  Starport  
  28  3:05  SCV  
  28  3:09  Refinery  
  28  3:10  Hellion x2  
  32  3:18  SCV x2  
  34  3:26  Barracks Tech Lab  
  33  3:30  SCV x2  
  33  3:33  Viking  
  39  3:34  Hellion  
  39  3:38  Hellion  
  41  3:42  SCV x2  
  43  3:49  Orbital Command  
  43  3:54  SCV x2  
  47  3:55  Hellion  
  47  3:59  Hellion  
  47  4:00  Supply Depot  
  49  4:03  Liberator  
  49  4:07  SCV x2  
  54  4:12  Marine  
  57  4:17  Hellion, SCV  
  57  4:19  SCV  
  57  4:20  Hellion  
  57  4:23  SCV  
  57  4:24  Supply Depot  
  62  4:27  Stimpack  
  62  4:30  Marine  
  62  4:31  SCV x2  
  64  4:35  SCV  
  66  4:39  Supply Depot  
  66  4:43  SCV  
  66  4:44  SCV  
  68  4:47  Starport Reactor, SCV  
  68  4:48  Barracks x2, Marine  
  68  4:51  Factory Tech Lab  
  70  4:53  Orbital Command  
  70  4:54  Refinery  
  70  4:56  SCV  
  70  4:58  Supply Depot  
  70  4:59  SCV  
  72  5:03  Supply Depot  
  72  5:08  SCV  
  72  5:10  Marine  
  72  5:12  SCV, Siege Tank, Engineering Bay x2  
  78  5:21  SCV x2  
  76  5:24  SCV  
  69  5:31  Refinery  
  69  5:33  SCV x2  
  71  5:36  SCV  
  71  5:37  Marine x2  
  71  5:38  Starport Reactor  
  71  5:39  Marine  
  71  5:41  Terran Infantry Weapons Level 1, Terran Infantry Armor Level 1  
  71  5:42  Barracks  
  75  5:44  Barracks  
  75  5:47  Marine x2  
  77  5:50  Siege Tank, SCV x2  
  82  5:58  Marine x3, Supply Depot  
  82  6:00  SCV  
  82  6:02  SCV  
  82  6:03  SCV  
  88  6:08  Refinery  
  88  6:11  Supply Depot  
  88  6:13  Marine x2  
  88  6:16  Marine x3, Medivac x2  
  97  6:18  SCV  
  97  6:19  SCV  
  97  6:23  Siege Tank  
  102  6:25  Supply Depot  
  102  6:26  SCV  
  102  6:29  Barracks Reactor  
  102  6:31  SCV  
  104  6:34  Marine x4  
  104  6:35  Barracks Reactor, Marine  
  104  6:38  Combat Shield  
  109  6:40  SCV x2  
  109  6:43  SCV  
  109  6:45  Supply Depot x2  
  112  6:52  Armory  
  109  6:56  Marine x5, Factory  
  109  7:00  Siege Tank  
  117  7:12  Marine x4  
  121  7:19  Marine x4, Command Center  
  121  7:20  Medivac x2  
  131  7:23  Supply Depot x2  
  131  7:28  Supply Depot, Marine  
  129  7:30  Marine x3  
  129  7:34  Marine  
  129  7:35  Siege Tank  
  129  7:37  Marine x3  
  120  7:44  Drilling Claws  
  120  7:45  Factory Reactor, Terran Infantry Weapons Level 2  
  120  7:50  Refinery  
  120  7:51  Barracks x2  
  120  7:53  Barracks  
  120  7:56  Marine x6  
  126  7:59  Supply Depot  
  126  8:01  Medivac x2  
  130  8:06  Marine x3  
  133  8:14  Marine x3  
  133  8:15  Marine x3  
  133  8:19  Widow Mine  
  139  8:20  Concussive Shells  
  139  8:23  Widow Mine x2  
  139  8:24  Marine  
  144  8:32  Marine x6  
  150  8:37  Marine x2  
  150  8:42  Marine  
  150  8:44  Barracks Tech Lab  
  150  8:46  Barracks Tech Lab x2  
  150  8:48  Widow Mine x3  
  156  8:49  Medivac  
  156  8:50  Medivac  
  156  8:54  SCV x2  
  156  8:55  Supply Depot, Sensor Tower  
  162  8:59  Marine x6  
  145  9:06  Marine x2  
  145  9:07  Marauder x3  
  148  9:11  Marine  
  149  9:17  Marine x3, Planetary Fortress  
  149  9:18  SCV  
  149  9:19  SCV x2  
  155  9:28  Marine x4  
  155  9:29  Marauder x3  
  165  9:36  Marine x2, Marauder  
  160  9:46  Marine x4  
  160  9:50  Marauder x3  
  159  9:56  Marine x4  
  159  9:57  Medivac x2, Widow Mine x2  
  159  9:58  Marauder  
  171  10:00  Widow Mine  
  173  10:12  Marauder x3  
  173  10:13  Marine x4  
  171  10:18  SCV x4  
  171  10:19  Marauder  
  177  10:27  Medivac  
  177  10:30  Marine x2  
  177  10:33  Marauder x3  
  177  10:34  Command Center  
  185  10:40  Marauder  
  185  10:41  Widow Mine  
  185  10:42  Widow Mine x2  
  185  10:47  Marine x2  
  182  10:52  Marine x4  
  182  10:53  Marine  
  182  10:54  Marauder  
  182  10:55  Marauder x2  
  167  10:57  Marine  
  167  11:02  Marauder  
  161  11:05  Marine x2  
Show
View Real Time Build Order
Export as new Build Order

Lambo Zerg - Winner!

Build Orders: Hatch First 

Get SALT Encoding   

  12  0:00  Drone  
  13  0:08  Drone  
  14  0:14  Extractor, Drone  
  14  0:21  Overlord  
  15  0:39  Drone  
  16  0:44  Hatchery  
  16  0:48  Drone  
  16  0:52  Drone  
  16  0:56  Drone  
  18  1:06  Extractor  
  18  1:10  Spawning Pool  
  16  1:13  Drone  
  16  1:16  Drone  
  18  1:26  Drone  
  19  1:38  Drone  
  20  1:47  Drone  
  21  1:56  Queen  
  21  1:57  Drone, Queen  
  21  1:58  Zergling x2  
  27  2:08  Zergling x2  
  28  2:12  Overlord  
  28  2:19  Hatchery  
  28  2:22  Drone  
  28  2:34  Drone x3  
  31  2:43  Queen  
  33  2:44  Overlord  
  33  2:46  Drone  
  34  2:52  Drone x2  
  34  2:54  Metabolic Boost  
  36  3:03  Drone  
  36  3:05  Drone  
  38  3:07  Drone x3  
  38  3:12  Queen  
  41  3:19  Spore Crawler  
  42  3:23  Evolution Chamber  
  42  3:25  Drone x3  
  46  3:30  Overlord  
  46  3:37  Overlord  
  46  3:38  Drone x2  
  46  3:39  Queen  
  50  3:49  Drone x5  
  50  3:51  Queen  
  57  3:56  Overlord  
  57  3:58  Zergling x2  
  57  3:59  Drone x2  
  60  4:03  Drone x2  
  60  4:07  Queen  
  64  4:12  Drone x2  
  66  4:17  Overlord  
  66  4:24  Overlord  
  66  4:25  Baneling Nest, Drone  
  66  4:26  Extractor  
  66  4:29  Zergling x2  
  66  4:30  Overlord  
  66  4:35  Drone x6  
  66  4:37  Overlord  
  72  4:41  Zergling x2  
  72  4:44  Lair  
  74  4:45  Zergling x2  
  74  4:49  Spore Crawler  
  74  4:50  Zergling x2  
  74  4:51  Zergling x2  
  74  4:55  Zergling x4  
  74  4:59  Drone x3  
  79  5:02  Hatchery  
  79  5:03  Drone x3  
  79  5:04  Spore Crawler, Drone  
  79  5:06  Drone  
  82  5:07  Drone  
  82  5:12  Drone x2  
  84  5:20  Zergling x4  
  82  5:24  Drone x2  
  83  5:29  Drone x4  
  83  5:32  Extractor  
  83  5:33  Evolution Chamber x2  
  83  5:34  Extractor  
  84  5:35  Drone x2  
  84  5:40  Drone x5, Overlord  
  84  5:41  Overlord  
  90  5:44  Overlord  
  90  5:47  Centrifugal Hooks  
  90  5:49  Extractor  
  88  5:51  Infestation Pit, Overlord  
  88  5:56  Overlord  
  89  6:00  Zerg Ground Armor Level 1, Zerg Melee Weapons Level 1  
  89  6:01  Drone x3  
  90  6:07  Drone x6  
  90  6:10  Zergling x2  
  90  6:11  Zergling x2  
  98  6:17  Drone x2  
  100  6:22  Zergling x10  
  105  6:26  Zergling x4  
  105  6:32  Zergling x2  
  108  6:34  Hatchery, Overseer  
  108  6:35  Hive  
  108  6:36  Drone  
  108  6:37  Drone, Zergling x14  
  116  6:44  Zergling x6  
  116  6:46  Baneling x3  
  119  6:52  Zergling x14  
  119  6:53  Baneling x3  
  124  6:58  Zergling x4  
  126  7:03  Zergling x2  
  126  7:06  Overlord  
  126  7:07  Baneling x5, Hatchery  
  126  7:10  Drone  
  126  7:12  Spore Crawler  
  126  7:13  Overlord  
  126  7:14  Overlord  
  126  7:15  Overlord  
  126  7:16  Overlord  
  126  7:18  Baneling x4  
  126  7:19  Zergling x2  
  126  7:20  Overlord  
  126  7:22  Overlord  
  127  7:24  Overlord  
  127  7:26  Overlord  
  123  7:30  Zergling x14  
  123  7:36  Drone  
  121  7:37  Drone x2  
  121  7:40  Zergling x16  
  129  7:45  Drone x4  
  129  7:46  Drone  
  129  7:47  Drone, Extractor  
  134  7:53  Zergling x6  
  134  7:55  Hatchery  
  134  7:58  Adrenal Glands, Zerg Ground Armor Level 2, Zerg Melee Weapons Level 2  
  136  7:59  Ultralisk Cavern  
  136  8:00  Baneling x4  
  136  8:03  Zergling x2  
  136  8:04  Zergling x6  
  139  8:08  Zergling x8  
  139  8:11  Zergling x2  
  139  8:12  Zergling x6  
  147  8:18  Zergling x16  
  155  8:20  Zergling x6  
  155  8:24  Zergling x4  
  159  8:32  Zergling x22  
  159  8:33  Pneumatized Carapace  
  167  8:40  Zergling x8  
  170  8:43  Zergling x14  
  170  8:47  Chitinous Plating  
  180  8:48  Zergling x8  
  180  8:50  Baneling x6  
  180  8:53  Zergling x6  
  183  8:56  Zergling x2  
  183  8:57  Zergling x4  
  183  9:02  Zergling x14  
  163  9:05  Zergling x2  
  163  9:06  Zergling x4  
  163  9:08  Ultralisk  
  163  9:09  Infestor  
  171  9:15  Baneling  
  171  9:16  Baneling x4  
  177  9:17  Ultralisk  
  177  9:18  Ultralisk  
  177  9:23  Zergling x14  
  189  9:26  Zergling x6  
  189  9:30  Zergling x12  
  198  9:32  Baneling x4  
  198  9:34  Overseer  
  198  9:38  Zergling x8  
  185  9:47  Zergling x24  
  184  9:56  Zergling x12  
  187  10:00  Zergling x8  
  187  10:02  Drone  
  189  10:11  Ultralisk x2  
  192  10:15  Zergling x12  
  198  10:22  Overlord  
  198  10:24  Zergling x6  
  198  10:25  Baneling x17  
  198  10:27  Zergling x2  
  198  10:28  Zergling x6  
  197  10:40  Zergling x4, Baneling  
  197  10:41  Baneling x3  
  197  10:42  Overlord  
  170  10:57  Zergling x2  
  170  10:58  Zergling x48  
  170  11:00  Zergling x8  
  170  11:02  Overseer  
  189  11:07  Zergling x2  
Tags
 
Add a new tag
Caveats
  • Supply blocks, unpowered buildings, or Contaminate may cause inaccurate times.
  • Supply counts are checked every 10 seconds.